[Event "Titled Tuesday Blitz June 13 Late 2023"]
[White "Vlassov, Nikolai"]
[Black "Sztokbant, Bernardo Vainzoff"]
[WhiteFideId "4103360"]
[BlackFideId "2115956"]
[WhiteElo "2324"]
[BlackElo "2222"]
[Result "0-1"]
[Round "6"]
[TimeControl "180+2"]
[Date "2023.06.13"]
[WhiteClock "0:00:10"]
[BlackClock "0:00:11"]
[Board "67"]

1. e4 e5 2. Bc4 Nf6 3. d3 Nc6 4. Nf3 Bc5 5. Bg5 h6 6. Bh4 d6 7. Nc3 Be6 8. Nd2 Nd4 9. Nd5 g5 10. Bg3 b5 11. c3 bxc4 12. cxd4 Bxd4 13. Nxf6+ Qxf6 14. Qa4+ Kd8 15. Nxc4 h5 16. h4 g4 17. O-O Rb8 18. Kh2 Bd7 19. Qc2 Qe7 20. Rab1 f5 21. exf5 Rf8 22. Ne3 Bxf5 23. b4 Be6 24. a4 Rf4 25. b5 Qf7 26. Bxf4 exf4 27. Nc4 g3+ 28. fxg3 fxg3+ 29. Kxg3 Qg6+ 30. Kh2 Kd7 31. Rf4 Bc5 32. Rbf1 Rg8 33. Qe2 Qg3+ 34. Kh1 Bd5 35. d4 Qh3+ 36. Kg1 Rxg2+ 0-1


[Site "https://www.chess.com"]

[Event "Titled Tuesday Blitz June 13 Late 2023"]
[White "ArchibaldCerveza29"]
[Black "Adewumi, Tanitoluwa"]
[BlackFideId "30966396"]
[WhiteElo "2470"]
[BlackElo "2632"]
[Result "0-1"]
[Round "6"]
[TimeControl "180+2"]
[Date "2023.06.13"]
[WhiteClock "0:00:02"]
[BlackClock "0:00:05"]
[Board "68"]

1. e4 c5 2. c3 Nf6 3. e5 Nd5 4. d4 e6 5. Nf3 cxd4 6. cxd4 Nc6 7. Bc4 d6 8. O-O Qc7 9. Qe2 Be7 10. Bxd5 exd5 11. Nc3 Be6 12. Nb5 Qd7 13. exd6 Bxd6 14. Nxd6+ Qxd6 15. Re1 O-O 16. h3 Rae8 17. Be3 Bf5 18. Qb5 b6 19. Rac1 Na5 20. Bd2 Rxe1+ 21. Rxe1 Nc6 22. Rc1 Rc8 23. Ne5 Nxd4 24. Rxc8+ Bxc8 25. Qe8+ Qf8 26. Qa4 Ne6 27. Bb4 Qd8 28. Nc6 Qd7 29. Ne7+ Kh8 30. Qxd7 Bxd7 31. Nxd5 f6 32. Kf1 Kg8 33. Ke1 Kf7 34. Kd2 Nd4 35. Nc3 Be6 36. a3 a5 37. Bd6 Ke8 38. Bc7 Nb3+ 39. Kc2 b5 40. Nxb5 a4 41. Nc3 Bf5+ 42. Kd1 Bd7 43. Bd6 Bc6 44. Bb4 Kd7 45. f3 g6 46. Ke2 Ke6 47. Kf2 Nd4 48. Ne2 Nb3 49. Nf4+ Ke5 50. Nd3+ Kd5 51. Nf4+ Kd4 52. Ne6+ Kd3 53. Nf8 Kc2 54. Nxh7 Kxb2 55. Nxf6 Nc1 56. Ke3 Kb3 57. Ne4 Na2 58. Nc5+ Kc4 59. Na6 Bb5 60. Nc7 Nxb4 61. axb4 a3 62. Ne6 a2 63. Nd4 a1=Q 64. Nc2 Qc3+ 65. Kf4 Qxc2 66. Kg4 Qf5+ 67. Kh4 Qf4+ 68. g4 Be8 69. b5 g5# 0-1


[Site "https://www.chess.com"]

[Event "Titled Tuesday Blitz June 13 Late 2023"]
[White "Fiorito, Joaquin"]
[Black "Bettalli, Francesco"]
[WhiteFideId "180173"]
[BlackFideId "2816453"]
[WhiteElo "2199"]
[BlackElo "2216"]
[Result "1-0"]
[Round "6"]
[TimeControl "180+2"]
[Date "2023.06.13"]
[WhiteClock "0:01:36"]
[BlackClock "0:00:47"]
[Board "69"]

1. d4 g6 2. e4 c5 3. d5 Nf6 4. Nc3 d6 5. Nf3 Bg7 6. Bc4 O-O 7. O-O a6 8. a4 Nbd7 9. Re1 Rb8 10. a5 Ne8 11. h3 Nc7 12. Bg5 b5 13. axb6 Nxb6 14. Bf1 Bd7 15. Qd2 Bb5 16. Bh6 Nc4 17. Bxc4 Bxc4 18. Bxg7 Kxg7 19. b3 Bb5 20. e5 Qd7 21. Rad1 Qf5 22. Ne4 Rfd8 23. Ng3 Qd7 24. c4 Bxc4 25. b4 Rxb4 26. Qg5 h6 27. Qe3 Nxd5 28. Qc1 Nc7 29. exd6 exd6 30. Ne4 d5 31. Nxc5 Qf5 32. Qc3+ Qf6 33. Qxb4 Nb5 34. Ne5 Nd6 35. Nb7 Nxb7 36. Qxb7 Re8 37. Nxc4 Rxe1+ 38. Rxe1 dxc4 39. Qc7 c3 40. Rc1 c2 41. Qxc2 Qf4 42. Qc3+ Kh7 43. Qe3 Qf5 44. Rc5 Qb1+ 45. Kh2 Qb8+ 46. Qe5 h5 47. Qxb8 1-0


[Site "https://www.chess.com"]

[Event "Titled Tuesday Blitz June 13 Late 2023"]
[White "Moral Garcia, Serafin"]
[Black "Karas, Marek"]
[WhiteFideId "2201925"]
[BlackFideId "14928558"]
[WhiteElo "2274"]
[BlackElo "2229"]
[Result "0-1"]
[Round "6"]
[TimeControl "180+2"]
[Date "2023.06.13"]
[WhiteClock "0:00:05"]
[BlackClock "0:00:48"]
[Board "70"]

1. e4 a6 2. d4 c6 3. c4 d5 4. exd5 cxd5 5. Nc3 Nf6 6. Bg5 e6 7. Nf3 Be7 8. c5 O-O 9. Bd3 h6 10. Bh4 Nc6 11. O-O b6 12. cxb6 Qxb6 13. Qd2 Bb7 14. b3 Rac8 15. Na4 Qb4 16. Qxb4 Nxb4 17. Rfd1 Nxd3 18. Rxd3 g5 19. Bg3 Ne4 20. Nd2 Bb4 21. Nxe4 dxe4 22. Rdd1 Rc2 23. Nc5 Bd5 24. Nxa6 Bc3 25. Rac1 Rxa2 26. Rxc3 Rxa6 27. Rdc1 Rb6 28. Bc7 Rxb3 29. Rxb3 Bxb3 30. h3 Ra8 31. Be5 Kh7 32. h4 Kg6 33. hxg5 hxg5 34. Rc3 Bd5 35. Rh3 f6 36. Bd6 Ra1+ 37. Kh2 Ra2 38. Kg1 Rd2 39. Bc5 f5 40. Kf1 f4 41. Ke1 Ra2 42. Rc3 Kf5 43. Bd6 Ra1+ 44. Ke2 Ra2+ 45. Ke1 e3 46. fxe3 Bxg2 47. exf4 gxf4 48. Rc5+ Bd5 49. Rc8 f3 50. Rf8+ Ke4 51. Be5 Ke3 52. Bf4+ Kxd4 53. Bd2 Kd3 54. Bb4 Re2+ 55. Kf1 Rb2 56. Bc5 Ke4 57. Ba7 Bc4+ 58. Ke1 Re2+ 59. Kd1 Bb3+ 60. Kc1 Rc2+ 61. Kb1 Rc7 62. Bf2 Bd5 63. Bg1 Kd3 64. Bf2 Ke2 65. Bd4 Be4+ 66. Kb2 Bf5 67. Rh8 Rc2+ 68. Kb3 f2 69. Bxf2 Kxf2 70. Rh2+ Ke3 71. Rxc2 Bxc2+ 72. Kxc2 e5 0-1


[Site "https://www.chess.com"]

[Event "Titled Tuesday Blitz June 13 Late 2023"]
[White "Fiorito, Francisco"]
[Black "Ammar, Sedrani"]
[WhiteFideId "180165"]
[BlackFideId "9312331"]
[WhiteElo "2319"]
[BlackElo "2115"]
[Result "1-0"]
[Round "6"]
[TimeControl "180+2"]
[Date "2023.06.13"]
[WhiteClock "0:01:08"]
[BlackClock "0:00:20"]
[Board "71"]

1. d4 Nf6 2. Nc3 g6 3. Bf4 Bg7 4. e3 O-O 5. Nf3 c5 6. Be2 cxd4 7. exd4 d6 8. O-O Nc6 9. h3 Re8 10. Re1 b6 11. Bb5 Bd7 12. Qd2 a6 13. Bc4 Na5 14. Bf1 Qc8 15. Bh6 Nc4 16. Bxc4 Qxc4 17. Bxg7 Kxg7 18. Nd1 Rac8 19. c3 b5 20. Ne3 Qc7 21. Nh2 a5 22. Neg4 Bxg4 23. Nxg4 Nxg4 24. hxg4 Qc4 25. a3 Rc7 26. g5 Rec8 27. Qf4 Re8 28. Re3 Qd5 29. Rae1 Qf5 30. Qh4 h5 31. gxh6+ Kh7 32. Rf3 Qd5 33. Re4 f5 34. Re2 e5 35. Qg5 e4 36. Rg3 Qf7 37. Qf4 b4 38. axb4 axb4 39. Qxd6 bxc3 40. bxc3 Rd7 41. Qf4 Qc4 42. Ree3 Ra8 43. Rxg6 Kxg6 44. Rg3+ Kf7 45. Qxf5+ Ke8 46. Qxe4+ Re7 47. Qxa8+ Kd7 48. Qb7+ Kd6 49. Rg6+ Re6 50. Qb6+ Kd7 51. Qxe6+ Qxe6 52. Rxe6 1-0


[Site "https://www.chess.com"]

[Event "Titled Tuesday Blitz June 13 Late 2023"]
[White "ATM622"]
[Black "Buchenau, Frank"]
[BlackFideId "4604350"]
[WhiteElo "2603"]
[BlackElo "2157"]
[Result "1-0"]
[Round "6"]
[TimeControl "180+2"]
[Date "2023.06.13"]
[WhiteClock "0:01:18"]
[BlackClock "0:00:00"]
[Board "72"]

1. d4 e6 2. c4 Nf6 3. g3 d5 4. Bg2 c5 5. Nf3 cxd4 6. Nxd4 e5 7. Nf3 d4 8. O-O Nc6 9. Nbd2 Be7 10. a3 a5 11. Ne1 O-O 12. Qc2 a4 13. f4 Ng4 14. Ndf3 g6 15. h3 Bf5 16. Nd3 e4 17. hxg4 exd3 18. exd3 Bxg4 19. Bd2 Qd7 20. Rae1 Rfe8 21. Ne5 Nxe5 22. fxe5 Bh3 23. Bd5 Be6 24. Bxe6 Qxe6 25. Re4 Qh3 26. Bf4 g5 27. Bc1 Qxg3+ 28. Qg2 Qxg2+ 29. Kxg2 h6 30. Rxd4 Rad8 31. Rd5 Rxd5 32. cxd5 Bc5 33. Re1 Rd8 34. d6 Re8 35. Be3 Bxe3 36. Rxe3 Re6 37. d4 Kf8 38. d5 Rg6 39. d7 Ke7 40. e6 fxe6 41. dxe6 1-0


[Site "https://www.chess.com"]

[Event "Titled Tuesday Blitz June 13 Late 2023"]
[White "Kabilov, Amin"]
[Black "Korkmaz, Necmettin"]
[WhiteFideId "14700859"]
[BlackFideId "6303285"]
[WhiteElo "2110"]
[BlackElo "2097"]
[Result "0-1"]
[Round "6"]
[TimeControl "180+2"]
[Date "2023.06.13"]
[WhiteClock "0:00:06"]
[BlackClock "0:00:41"]
[Board "73"]

1. d4 d5 2. Nf3 Nf6 3. c4 c6 4. Nc3 e6 5. e3 Nbd7 6. Bd3 Bd6 7. Qc2 O-O 8. O-O dxc4 9. Bxc4 e5 10. b3 Qe7 11. Bb2 exd4 12. exd4 Nb6 13. Rfe1 Qc7 14. Bd3 Bg4 15. Ne5 Bh5 16. Ne4 Nxe4 17. Bxe4 Bg6 18. Bxg6 hxg6 19. Rad1 Nd5 20. Qe4 Rae8 21. Qh4 g5 22. Qg4 Re6 23. Nf3 Rxe1+ 24. Rxe1 f6 25. h4 gxh4 26. Nxh4 Ne7 27. g3 Qc8 28. Qxc8 Rxc8 29. Bc1 Kf7 30. Be3 g6 31. Kg2 Nd5 32. Nf3 Nb4 33. Re2 Re8 34. Ne1 Nd5 35. Kf3 g5 36. Nd3 a5 37. g4 Rh8 38. Rc2 Rh3+ 39. Ke2 Ke6 40. Nc5+ Bxc5 41. Rxc5 Nxe3 42. fxe3 Rh2+ 43. Kd3 Rxa2 44. Ke4 Ra3 45. d5+ cxd5+ 46. Rxd5 Rxb3 47. Rxa5 Rb4+ 48. Kf3 b6 49. Ra8 Rc4 50. Ra6 Rc6 51. Ra8 Kd5 52. Rb8 Kc4 53. Ke4 b5 54. Kf5 b4 55. e4 b3 56. e5 fxe5 57. Kxe5 Kc3 58. Kf5 Rc5+ 59. Kg6 b2 60. Kh5 Kc2 61. Rb7 b1=Q 0-1


[Site "https://www.chess.com"]

[Event "Titled Tuesday Blitz June 13 Late 2023"]
[White "Feng, Eric"]
[Black "Ozalp, Burak"]
[WhiteFideId "30952590"]
[BlackFideId "6314210"]
[WhiteElo "1785"]
[BlackElo "2106"]
[Result "1-0"]
[Round "6"]
[TimeControl "180+2"]
[Date "2023.06.13"]
[WhiteClock "0:02:05"]
[BlackClock "0:00:13"]
[Board "74"]

1. d4 Nf6 2. c4 g6 3. Nf3 Bg7 4. g3 O-O 5. Bg2 d6 6. O-O Nc6 7. Nc3 a6 8. d5 Na5 9. Qd3 c5 10. e4 b5 11. cxb5 axb5 12. Nxb5 Ba6 13. a4 c4 14. Qe2 Nb3 15. Ra3 Nxc1 16. Rxc1 Bxb5 17. axb5 Rxa3 18. bxa3 Qa5 19. Qxc4 Qxa3 20. Rb1 Nd7 21. b6 Nc5 22. Nd4 Bxd4 23. Qxd4 Rb8 24. e5 Qa5 25. exd6 exd6 26. Qf6 Qd2 27. Qxd6 Na6 28. b7 Qd3 29. Rb6 Qd1+ 30. Bf1 Re8 31. Rxa6 Re1 32. b8=Q+ Kg7 33. Qbf8# 1-0


[Site "https://www.chess.com"]

[Event "Titled Tuesday Blitz June 13 Late 2023"]
[White "TimGrutter03"]
[Black "Rodriguez, Santiago"]
[BlackFideId "3000591"]
[WhiteElo "2574"]
[BlackElo "2249"]
[Result "1-0"]
[Round "6"]
[TimeControl "180+2"]
[Date "2023.06.13"]
[WhiteClock "0:00:03"]
[BlackClock "0:00:00"]
[Board "75"]

1. d4 Nf6 2. Nc3 d5 3. Bf4 c6 4. e3 Bf5 5. f3 e6 6. g4 Bg6 7. h4 h5 8. g5 Nfd7 9. Bd3 Bxd3 10. Qxd3 g6 11. O-O-O Qa5 12. e4 Bb4 13. Nge2 b5 14. a3 Be7 15. Rhe1 O-O 16. exd5 cxd5 17. Qxb5 Qxb5 18. Nxb5 Nc6 19. Nc7 Rac8 20. Na6 Nb6 21. Nc5 Nxd4 22. Nxd4 Bxc5 23. Nb3 Bf2 24. Re2 Bxh4 25. Rh1 e5 26. Rxe5 Bf2 27. Re2 Rc4 28. Bh2 Bh4 29. Bd6 Bxg5+ 30. Kb1 Rd8 31. Be7 Re8 32. Rhe1 Bxe7 33. Rxe7 Rxe7 34. Rxe7 h4 35. Nd2 Rf4 36. b3 h3 37. Re2 Rh4 38. Rh2 Nd7 39. Kc1 Ne5 40. Kd1 Kf8 41. Ke2 Ke7 42. Kf2 Kd6 43. Kg3 g5 44. Rxh3 Rxh3+ 45. Kxh3 f5 46. Kg3 f4+ 47. Kf2 Kc5 48. Ke2 Kd4 49. Nb1 a5 50. c3+ Kc5 51. Nd2 a4 52. bxa4 Nc4 53. Nb3+ Kd6 54. Kd3 Nxa3 55. a5 Nb5 56. c4 dxc4+ 57. Kxc4 Nc7 58. Nd2 Ke5 59. Kc5 Kf5 60. Kb6 Nd5+ 61. Kc5 Nc7 62. Kc6 Na6 63. Kb5 Nb8 64. Kb6 g4 65. fxg4+ Kxg4 66. Kb7 Nd7 67. Ne4 f3 68. Kc7 Nc5 69. Nd2 f2 70. Kb6 Nb3 71. Nf1 Kf3 72. a6 Kg2 73. a7 Kxf1 74. a8=Q Kg1 75. Qg8+ Kh2 76. Qh7+ Kg1 77. Qg6+ Kh1 78. Qh5+ Kg1 79. Qg4+ Kf1 80. Kb5 Nd2 81. Kb4 Ke1 82. Qe6+ Kd1 83. Qg4+ Kc2 84. Qf5+ 1-0


[Site "https://www.chess.com"]

[Event "Titled Tuesday Blitz June 13 Late 2023"]
[White "FuenfgegenWilly"]
[Black "Mortazavi, Ali"]
[BlackFideId "401323"]
[WhiteElo "2413"]
[BlackElo "2339"]
[Result "0-1"]
[Round "6"]
[TimeControl "180+2"]
[Date "2023.06.13"]
[WhiteClock "0:00:05"]
[BlackClock "0:00:39"]
[Board "76"]

1. d4 Nf6 2. c4 g6 3. Nc3 Bg7 4. e4 O-O 5. Nf3 d6 6. Be2 Bg4 7. Be3 Nbd7 8. O-O e5 9. dxe5 dxe5 10. Qc2 Bxf3 11. Bxf3 c6 12. Rfd1 Qe7 13. a3 Nc5 14. b4 Ne6 15. Ne2 h5 16. Rd2 a5 17. Rb1 axb4 18. axb4 Rfd8 19. c5 Ne8 20. Rxd8 Rxd8 21. Nc1 N8c7 22. Nd3 Nb5 23. Qc4 Na3 24. Qb3 Nxb1 25. Qxb1 Qd7 26. Be2 Nd4 27. Bf1 Nb5 28. h4 Nc3 29. Qc2 Nxe4 30. Nxe5 Bxe5 31. Qxe4 Qd5 32. Qc2 Bf6 33. g3 Kg7 34. Bf4 Qd1 35. Qc4 Rd4 36. Qa2 Rxb4 37. Bd6 Bd4 38. Qa8 Qf3 39. Qf8+ Kh7 40. Bf4 Qxf2+ 41. Kh1 Qg1# 0-1


[Site "https://www.chess.com"]

[Event "Titled Tuesday Blitz June 13 Late 2023"]
[White "Fernandez Siles, Luis"]
[Black "Bayo Milagro, Alvaro"]
[WhiteFideId "2209420"]
[BlackFideId "22275240"]
[WhiteElo "2195"]
[BlackElo "2270"]
[Result "0-1"]
[Round "6"]
[TimeControl "180+2"]
[Date "2023.06.13"]
[WhiteClock "0:00:44"]
[BlackClock "0:00:30"]
[Board "77"]

1. d4 Nf6 2. c4 e6 3. Nf3 d5 4. Nc3 Bb4 5. Bg5 h6 6. Bxf6 Qxf6 7. Qa4+ Nc6 8. e3 O-O 9. Be2 a6 10. cxd5 exd5 11. O-O Be6 12. Rac1 Bd6 13. e4 dxe4 14. Nxe4 Qe7 15. Nxd6 Qxd6 16. Rfd1 Bd5 17. a3 Rfe8 18. Re1 Rad8 19. Qd1 Bxf3 20. Bxf3 Nxd4 21. Bxb7 Ne2+ 22. Kh1 Nxc1 23. Qxc1 Rxe1+ 24. Qxe1 Qd1 0-1


[Site "https://www.chess.com"]

[Event "Titled Tuesday Blitz June 13 Late 2023"]
[White "Novikov, Evgenij"]
[Black "Zomorrodian, Eilia"]
[WhiteFideId "4125380"]
[BlackFideId "12551805"]
[WhiteElo "2242"]
[BlackElo "2069"]
[Result "1/2-1/2"]
[Round "6"]
[TimeControl "180+2"]
[Date "2023.06.13"]
[WhiteClock "0:00:07"]
[BlackClock "0:00:11"]
[Board "78"]

1. d4 Nf6 2. c4 g6 3. Nc3 Bg7 4. e4 O-O 5. Be2 d6 6. Nf3 c5 7. d5 e6 8. O-O exd5 9. exd5 Re8 10. h3 Bf5 11. Bd3 Bxd3 12. Qxd3 Nbd7 13. Bf4 Ne5 14. Bxe5 dxe5 15. Nd2 Nd7 16. f4 f5 17. fxe5 Nxe5 18. Qg3 Qb6 19. b3 Re7 20. Rae1 Rae8 21. Kh1 Nf7 22. Nd1 Nd6 23. Rxe7 Rxe7 24. Re1 Qd8 25. Rxe7 Qxe7 26. Qe3 Qxe3 27. Nxe3 Bd4 28. Nc2 Bc3 29. Nb1 Bb2 30. Kg1 Kf7 31. Kf2 Kf6 32. Nd2 g5 33. g4 f4 34. Kf3 Ke5 35. Ne1 Kd4 36. Ke2 h6 37. Nef3+ Kc3 38. Ne5 Bc1 39. Ndf3 Kb2 40. Nd3+ Kb1 41. Nxc5 b6 42. Nd3 Be3 43. h4 gxh4 44. Nxh4 Kxa2 45. Nf5 Nf7 46. b4 Kb3 47. c5 bxc5 48. bxc5 Bxc5 49. Nxc5+ Kc4 50. Ne6 Kxd5 51. Nxf4+ Ke5 52. Ke3 a5 53. Nd3+ Kf6 54. Kf4 a4 55. Nc5 a3 56. Ne4+ Kg6 57. Ne7+ Kg7 58. Nc3 Nd6 59. Nf5+ Nxf5 60. Kxf5 Kh7 61. Kf6 h5 62. g5 Kg8 63. Kf5 Kg7 64. Kf4 Kg6 65. Na2 h4 66. Kg4 h3 67. Kxh3 Kxg5 68. Kg3 Kf5 69. Kf3 Ke5 70. Ke3 Kd5 71. Kd3 Kc5 72. Kc3 Kb5 73. Kb3 Ka5 74. Kxa3 1/2-1/2


[Site "https://www.chess.com"]

[Event "Titled Tuesday Blitz June 13 Late 2023"]
[White "Ibarra Jerez, Jose Carlos"]
[Black "Avalos Parra, Joao"]
[WhiteFideId "2226332"]
[BlackFideId "3402541"]
[WhiteElo "2631"]
[BlackElo "2173"]
[Result "1-0"]
[Round "6"]
[TimeControl "180+2"]
[Date "2023.06.13"]
[WhiteClock "0:01:19"]
[BlackClock "0:00:38"]
[Board "79"]

1. e4 e5 2. Nf3 Nc6 3. Bb5 a6 4. Bxc6 dxc6 5. O-O Bd6 6. d4 exd4 7. Qxd4 f6 8. Be3 Ne7 9. Nbd2 Be6 10. Qc3 O-O 11. Nc4 Qe8 12. Rad1 Bxc4 13. Qxc4+ Qf7 14. Qxf7+ Kxf7 15. Nd2 Rad8 16. Nc4 Ng6 17. Rd3 Ne5 18. Nxe5+ Bxe5 19. Rfd1 Rxd3 20. Rxd3 Ke7 21. f4 Bd6 22. Kf2 Rd8 23. Kf3 c5 24. c4 Ke6 25. Bxc5 b6 26. Be3 g6 27. g4 h5 28. f5+ gxf5 29. gxf5+ Ke7 30. Bf4 Rg8 31. Bxd6+ cxd6 32. Rb3 Rc8 33. Rxb6 Rxc4 34. Rxa6 Rc2 35. Ra7+ Kf8 36. Rb7 Rxh2 37. a4 h4 38. a5 Rh1 39. a6 Ra1 40. a7 1-0


[Site "https://www.chess.com"]

[Event "Titled Tuesday Blitz June 13 Late 2023"]
[White "Vakhlamov, Igor L."]
[Black "Bernado Lopez, Roger"]
[WhiteFideId "24126748"]
[BlackFideId "24585009"]
[WhiteElo "2407"]
[BlackElo "2097"]
[Result "1-0"]
[Round "6"]
[TimeControl "180+2"]
[Date "2023.06.13"]
[WhiteClock "0:01:39"]
[BlackClock "0:00:24"]
[Board "80"]

1. e4 e5 2. Nf3 Nc6 3. Nc3 Nf6 4. Bb5 Bd6 5. a3 O-O 6. d3 Re8 7. Bc4 h6 8. g4 Nxg4 9. Rg1 Nf6 10. Bxh6 Bf8 11. Ng5 d5 12. Nxd5 Be6 13. Nxe6 fxe6 14. Bg5 exd5 15. Bxd5+ Kh7 16. Qf3 1-0


[Site "https://www.chess.com"]

[Event "Titled Tuesday Blitz June 13 Late 2023"]
[White "Makridis, Dimitrios"]
[Black "Petersson, Kjell"]
[WhiteFideId "25864475"]
[BlackFideId "1705148"]
[WhiteElo "2277"]
[BlackElo "2005"]
[Result "1-0"]
[Round "6"]
[TimeControl "180+2"]
[Date "2023.06.13"]
[WhiteClock "0:01:26"]
[BlackClock "0:00:26"]
[Board "81"]

1. d4 f5 2. e4 fxe4 3. f3 d5 4. fxe4 dxe4 5. Nc3 Nf6 6. Nge2 Bg4 7. h3 Bh5 8. g4 Bg6 9. Bg2 e6 10. Nf4 Bf7 11. g5 Nd5 12. O-O Bb4 13. Nxe4 O-O 14. c3 Bd6 15. Nxd6 cxd6 16. Nxd5 exd5 17. Bf4 Nc6 18. Qg4 Ne7 19. Rae1 Ng6 20. Bg3 Qc8 21. Qxc8 Raxc8 22. Rxf7 Rxf7 23. Bxd5 Rf8 24. Bxd6 h6 25. Bxf8 Kxf8 26. Bxf7 Kxf7 27. gxh6 gxh6 28. Re4 Kf6 29. Kg2 Kf5 1-0


[Site "https://www.chess.com"]

[Event "Titled Tuesday Blitz June 13 Late 2023"]
[White "Ronka, Erik"]
[Black "Skvortsov, Andrei"]
[WhiteFideId "505080"]
[BlackFideId "24108600"]
[WhiteElo "2264"]
[BlackElo "2259"]
[Result "0-1"]
[Round "6"]
[TimeControl "180+2"]
[Date "2023.06.13"]
[WhiteClock "0:00:02"]
[BlackClock "0:00:28"]
[Board "82"]

1. e4 c6 2. Nf3 d5 3. Nc3 Bg4 4. h3 Bxf3 5. Qxf3 Nf6 6. d4 dxe4 7. Qe3 Nbd7 8. Nxe4 Nxe4 9. Qxe4 Qa5+ 10. Bd2 Qd5 11. Qd3 e5 12. dxe5 Qxd3 13. Bxd3 Nxe5 14. Be2 O-O-O 15. O-O-O Bc5 16. Rhf1 Rhe8 17. f4 Ng6 18. Bd3 Be3 19. Bxe3 Rxe3 20. Bxg6 hxg6 21. Rxd8+ Kxd8 22. Kd2 Rg3 23. Rf2 f5 24. Re2 Kd7 25. Ke1 g5 26. fxg5 Rxg5 27. Kf2 Rh5 28. Kf3 g6 29. Kf4 Kc7 30. Re3 Kd6 31. g4 fxg4 32. hxg4 Ra5 33. Ra3 g5+ 34. Ke4 Rb5 35. b3 Re5+ 36. Kf3 a5 37. Ra4 Rd5 38. Re4 Re5 39. Rxe5 Kxe5 40. Ke3 b5 41. c3 b4 42. cxb4 axb4 43. Kd3 Kf4 44. Kc4 Kxg4 45. Kxb4 Kf5 46. a4 Ke6 47. Kc5 g4 48. Kxc6 g3 49. a5 g2 50. a6 g1=Q 51. Kb7 Qg2+ 52. Kb8 Qg3+ 53. Ka8 Qf3+ 54. Kb8 Qxb3+ 55. Ka8 Qd5+ 56. Kb8 Qb5+ 57. Ka7 Kd7 58. Ka8 Kc7 59. a7 Qb7# 0-1


[Site "https://www.chess.com"]

[Event "Titled Tuesday Blitz June 13 Late 2023"]
[White "Baches Garcia, Guillermo"]
[Black "Kavutskiy, Konstantin"]
[WhiteFideId "2209764"]
[BlackFideId "2026384"]
[WhiteElo "2479"]
[BlackElo "2323"]
[Result "0-1"]
[Round "6"]
[TimeControl "180+2"]
[Date "2023.06.13"]
[WhiteClock "0:00:19"]
[BlackClock "0:00:15"]
[Board "83"]

1. e4 c5 2. Nf3 Nc6 3. d4 cxd4 4. Nxd4 Nf6 5. Nc3 e5 6. Ndb5 d6 7. Nd5 Nxd5 8. exd5 Ne7 9. c4 Ng6 10. Qa4 Bd7 11. Qb4 Qb8 12. Be3 Be7 13. Be2 O-O 14. O-O a6 15. Nc3 f5 16. Bb6 Nf4 17. Rfe1 Qe8 18. Bf1 Qg6 19. Kh1 Rac8 20. Be3 Nxg2 21. Bxg2 f4 22. Be4 Qh5 23. Bb6 f3 24. Rg1 Rf4 25. Rg3 Rh4 26. Bxf3 Rxh2+ 27. Kg1 Qh6 28. Be3 Qh4 29. Qxb7 Rf8 30. Qxd7 Rxf3 31. Qe6+ Rf7 32. Qc8+ Bf8 33. Rd1 Rh1+ 34. Kg2 Qh2# 0-1


[Site "https://www.chess.com"]

[Event "Titled Tuesday Blitz June 13 Late 2023"]
[White "robertoalejandro10"]
[Black "Zavortink, Matt"]
[BlackFideId "2034263"]
[WhiteElo "2601"]
[BlackElo "2478"]
[Result "1-0"]
[Round "6"]
[TimeControl "180+2"]
[Date "2023.06.13"]
[WhiteClock "0:00:18"]
[BlackClock "0:00:00"]
[Board "84"]

1. Nf3 Nf6 2. b3 d5 3. Bb2 Bf5 4. g3 e6 5. Bg2 Be7 6. O-O h6 7. c4 c6 8. d3 O-O 9. a3 a5 10. Nbd2 Nbd7 11. Ra2 Bh7 12. Qa1 Re8 13. Rc1 Qb6 14. Ne5 Bf8 15. Nxd7 Nxd7 16. Bc3 Nc5 17. Bd4 e5 18. Bxe5 Nxb3 19. Nxb3 Qxb3 20. Rb1 Qa4 21. cxd5 cxd5 22. Bxd5 Re7 23. Rxb7 Rxb7 24. Bxb7 Re8 25. Bd4 Rb8 26. Bf3 Bf5 27. Kg2 Be6 28. Rb2 Rd8 29. Bb6 Rb8 30. Bc7 Rc8 31. Bf4 Bxa3 32. Rb7 Bb3 33. Be5 f6 34. Bf4 Bb4 35. Qxa4 Bxa4 36. Bd5+ Kh8 37. Ra7 Rd8 38. Be4 Bb3 39. Bc7 Rd7 40. Ra8+ Bg8 41. Bxa5 Bxa5 42. Rxa5 Rd8 43. Ra8 Rd7 44. Bf5 Rd6 45. e3 g5 46. d4 Kg7 47. Ra7+ Bf7 48. Rd7 Rxd7 49. Bxd7 Kf8 50. Bg4 Ke7 51. Bf3 f5 52. e4 fxe4 53. Bxe4 Kd6 54. f3 Be6 55. Kf2 Bf7 56. Ke3 Be6 57. h4 gxh4 58. gxh4 Bf7 59. Kf4 Ke6 60. Bc2 Kf6 61. Be4 Be8 62. Bf5 Bc6 63. Bg4 Bb7 64. Ke3 Bc6 65. f4 Bd5 66. Bf3 Bc4 67. Be4 h5 68. d5 Bb3 69. Kd4 Ba4 70. Bf3 Kg6 71. Ke5 Bd7 72. Be4+ Kh6 73. Bf5 1-0


[Site "https://www.chess.com"]

[Event "Titled Tuesday Blitz June 13 Late 2023"]
[White "Ladan, Nicholas"]
[Black "Bartel, Michal"]
[WhiteFideId "30918855"]
[BlackFideId "1119257"]
[WhiteElo "2167"]
[BlackElo "2282"]
[Result "0-1"]
[Round "6"]
[TimeControl "180+2"]
[Date "2023.06.13"]
[WhiteClock "0:00:09"]
[BlackClock "0:01:08"]
[Board "85"]

1. b4 d5 2. Bb2 Bg4 3. h3 Bh5 4. g4 Bg6 5. Bg2 e6 6. a3 h5 7. Nf3 hxg4 8. hxg4 Rxh1+ 9. Bxh1 Nf6 10. Ne5 Be4 11. Bxe4 Nxe4 12. d3 Nd6 13. e3 Qh4 14. Qf3 Nd7 15. Nxd7 Kxd7 16. Nd2 Be7 17. O-O-O Bf6 18. Rh1 Bxb2+ 19. Kxb2 Qf6+ 20. Qxf6 gxf6 21. Rh7 a5 22. Nb3 axb4 23. axb4 Rg8 24. f3 Ke7 25. Nd4 Ra8 26. e4 dxe4 27. dxe4 Ra4 28. Kb3 Ra1 29. c4 Rb1+ 30. Kc3 Rc1+ 31. Nc2 Nxc4 32. Kxc4 Rxc2+ 33. Kd4 Rb2 34. Kc4 Rf2 35. Rh3 Kd6 36. Kd4 b5 37. Rg3 Rc2 38. g5 Rc4+ 39. Kd3 fxg5 40. Rxg5 Rxb4 41. f4 Rb3+ 42. Kd4 c5+ 43. Rxc5 Rb4+ 0-1


[Site "https://www.chess.com"]

[Event "Titled Tuesday Blitz June 13 Late 2023"]
[White "Perez, Maximiliano"]
[Black "Seletsky, Grigory"]
[WhiteFideId "117234"]
[BlackFideId "14112191"]
[WhiteElo "2334"]
[BlackElo "2491"]
[Result "1-0"]
[Round "6"]
[TimeControl "180+2"]
[Date "2023.06.13"]
[WhiteClock "0:00:17"]
[BlackClock "0:00:00"]
[Board "86"]

1. e4 c5 2. Nf3 d6 3. d4 cxd4 4. Nxd4 Nf6 5. Nc3 a6 6. Be2 e5 7. Nb3 Be6 8. f4 Qc7 9. g4 exf4 10. Bxf4 h6 11. h3 Nbd7 12. Qd2 Ne5 13. O-O-O Rc8 14. Kb1 Be7 15. Nd4 b5 16. a3 O-O 17. Nf5 Bxf5 18. gxf5 Kh7 19. Rhg1 Qb7 20. Qe3 Rxc3 21. Qxc3 Nxe4 22. Qd4 Bf6 23. Qd5 Qxd5 24. Rxd5 Nc4 25. Bc1 Nxa3+ 26. Ka2 Nxc2 27. Rdd1 Nb4+ 28. Kb1 d5 29. Bf3 Re8 30. Rge1 Re5 31. Bf4 Rxf5 32. Rxe4 dxe4 33. Bxe4 g6 34. Bxf5 gxf5 35. h4 h5 36. Rd6 Bxh4 37. Bd2 a5 38. Rh6+ Kg7 39. Rxh5 Bf6 40. Rxf5 Nd3 41. Rxb5 Nxb2 42. Bxa5 Nc4 43. Bb4 Ne5 44. Kc2 Nc6 45. Bc5 Nd4+ 46. Bxd4 Bxd4 47. Kd3 Bf6 48. Ke4 Bh4 49. Kf5 Be7 50. Rb7 Kf8 51. Ra7 Bh4 52. Ra4 Be7 53. Ra8+ Kg7 54. Re8 Bf6 55. Rc8 Be7 56. Ra8 Bh4 57. Ra4 Be7 58. Rg4+ Kf8 59. Ke5 Bd8 60. Kd6 Bf6 61. Kd7 Be5 62. Re4 f6 63. Ke6 Kg7 64. Rg4+ Kh6 65. Kf5 Kh5 66. Rc4 Kh6 67. Rc8 Bd4 68. Rd8 Be5 69. Rd7 Bc3 70. Rd3 Be5 71. Rh3+ Kg7 72. Rb3 Kf7 73. Rb7+ Ke8 74. Ke6 Kf8 75. Ra7 Kg8 76. Kf5 Kf8 77. Kg6 Ke8 78. Kf5 Kf8 79. Ke6 Kg8 80. Rf7 Bd4 81. Ke7 Be5 82. Ke8 Bd4 83. Ke7 Be5 84. Ke6 Bd4 85. Re7 Be5 86. Rd7 Bc3 87. Rc7 Be5 88. Rb7 Bd4 89. Kf5 Be5 90. Rd7 Kf8 91. Ke6 1-0


[Site "https://www.chess.com"]